 Dungeon Crawl Stone Soup version 0.30.1-11-g7821555f0a (webtiles) character file.

Game seed: 18236588603793262450

211 Otso the Sneak (level 5, -1/25 HPs)
             Began as a Vine Stalker Enchanter on Nov 26, 2023.
             Slain by a hound (4 damage)
             ... on level 4 of the Dungeon.
             The game lasted 00:07:26 (1423 turns).

Otso the Sneak (Vine Stalker Enchanter)             Turns: 1423, Time: 00:07:27

Health: -1/25      AC:  2    Str: 11    XL:     5   Next: 88%
Magic:  0/10       EV: 12    Int: 17    God:
Gold:   37         SH:  0    Dex: 14    Spells: 1/9 levels left

rFire   . . .        a - +1 dagger
rCold   . . .        (no shield)
rNeg    . . .        b - +0 robe
rPois   .            (no helmet)
rElec   .            (no cloak)
rCorr   .            (no gloves)
SInv    .            (no boots)
Will    .....        (no amulet)
Stlth   +++          (no ring)
HPRegen 1.04/turn    (no ring)
MPRegen 0.12/turn

%: guardian spirit
@: invisible
A: fangs 2, regeneration 1, magic shield, antimagic bite, no potion heal 2
a: no special abilities


You were on level 4 of the Dungeon.
You visited 1 branch of the dungeon, and saw 4 of its levels.

You collected 37 gold pieces.

Inventory:

Hand Weapons
 a - a +1 dagger (weapon)
Armour
 b - a +0 robe (worn)
Scrolls
 i - a scroll of identify
Potions
 d - a potion of flight {unknown}
 f - 2 potions of heal wounds {unknown}
 h - a potion of haste {unknown}


   Skills:
 * Level 1.2 Fighting
 * Level 2.0 Short Blades
 * Level 0.9 Armour
 * Level 2.1 Dodging
 * Level 4.9 Stealth
 * Level 2.7 Spellcasting
 * Level 3.8 Hexes
 * Level 1.1 Ice Magic


You had one spell level left.
You knew the following spells:

 Your Spells              Type           Power      Damage    Failure   Level
a - Ensorcelled Hibernat  Hex/Ice        20%        N/A       10%         2
b - Tukima's Dance        Hex            15%        N/A       11%         3
c - Confusing Touch       Hex            15%        N/A       11%         3

Your spell library contained the following spells:

 Spells                   Type           Power      Damage    Failure   Level
 Dazzling Flash           Conj/Hex       16%        N/A       24%         3


Dungeon Overview and Level Annotations

Branches:
Dungeon (4/15)
 Temple: D:4-7

Altars:
Vehumet

Annotations:
D:4 Dowan, Duvessa, Natasha


Innate Abilities, Weirdness & Mutations

You have extremely sharp teeth.
Your natural rate of healing is unusually fast.
When hurt, damage is shared between your health and your magic reserves.
Your bite disrupts and absorbs the magic of your enemies.
Potions cannot restore your health.


Message History

The hound is moderately wounded.
The hound closely misses you.
You barely miss the hound. Your bite misses the hound.
The hound is moderately wounded.
The hound misses you. The hound bites you.
* * * LOW HITPOINT WARNING * * *
You miss the hound. Your bite misses the hound.
The hound is moderately wounded.
The hound closely misses you.
You closely miss the hound.
The hound is moderately wounded.
The hound bites you but does no damage.
You closely miss the hound. Your bite misses the hound.
The hound is moderately wounded.
The hound misses you. The hound closely misses you.
You hit the hound. Your bite misses the hound.
The hound is heavily wounded.
The hound bites you.
* * * LOW HITPOINT WARNING * * *
You hit the hound. Your bite misses the hound.
The hound is heavily wounded.
The hound closely misses you.
Unknown command.
You barely miss the hound. Your bite misses the hound.
The hound is heavily wounded.
The hound barely misses you. The hound bites you.
* * * LOW HITPOINT WARNING * * *
You hit the hound. Your bite misses the hound.
The hound is severely wounded.
The hound bites you.
* * * LOW HITPOINT WARNING * * *
You barely miss the hound. Your bite misses the hound.
The hound is severely wounded.
The hound completely misses you.
You hit the hound.
The hound is almost dead.
The hound bites you.
* * * LOW HITPOINT WARNING * * *
The hound bites you.
You die...

###..#### #.......##
#####. .
###.#####..###...#. ..
#.....####.........
#.###.###..............
#.....#########.)......
####.##.# ##........
........# #..#......
### #@# #.###...#.
#h#######.#....###
#...............##
#..###.####......#
#...##.# ....#..
#).....# #.......
##.#.#.... #.....##
#..#...###.........
#######..###..#
.........


You could see a hound.

Vanquished Creatures
  5 adders
  A white imp (D:4)
  A dart slug (D:2)
  An orc (D:3)
  2 ball pythons
  5 endoplasms
  2 giant cockroaches
  2 goblins
  2 hobgoblins (D:3)
  2 jackals (D:1)
  3 bats
  3 frilled lizards
  5 kobolds
  3 rats
37 creatures vanquished.

Vanquished Creatures (collateral kills)
  Edmund (D:4)
  A ball python (D:4)
2 creatures vanquished.

Grand Total: 39 creatures vanquished

Notes
Turn   | Place    | Note
-------+----------+-------------------------------------------
     0 | D:1      | Otso the Vine Stalker Enchanter began the quest for the
                  | Orb.
     0 | D:1      | Reached XP level 1. HP: 9/9 MP: 4/4
   230 | D:1      | Reached XP level 2. HP: 7/13 MP: 1/6
   233 | D:1      | Learned a level 2 spell: Ensorcelled Hibernation
   294 | D:2      | Reached skill level 1 in Short Blades
   421 | D:2      | Found a radiant altar of Vehumet.
   444 | D:2      | Reached XP level 3. HP: 16/16 MP: 2/7
   448 | D:2      | Learned a level 3 spell: Tukima's Dance
   662 | D:3      | Reached skill level 4 in Stealth
   975 | D:3      | Gained mutation: Your natural rate of healing is unusually
                  | fast. [Vine Stalker growth]
   975 | D:3      | Reached XP level 4. HP: 21/21 MP: 5/8
  1291 | D:4      | Noticed Natasha
  1291 | D:4      | Noticed an ogre
  1308 | D:4      | Noticed Duvessa
  1312 | D:4      | Noticed Dowan
  1355 | D:4      | Learned a level 3 spell: Confusing Touch
  1387 | D:4      | Noticed Edmund
  1404 | D:4      | Killed Edmund
  1405 | D:4      | Reached skill level 1 in Fighting
  1405 | D:4      | Reached skill level 1 in Ice Magic
  1405 | D:4      | Reached XP level 5. HP: 9/25 MP: 2/10
  1423 | D:4      | Slain by a hound

Illustrated notes

Levels and vault maps discovered:
D:1:      minmay_arrival_plants_in_alcoves, layout_loops_cross,
          minmay_close_crescents
D:2:      cheibrodos_fertilizer, layout_basic, basic_altar,
          shapermc_ecumenical_altar_mp_urbaneastern, uniq_jessica
D:3:      layout_loops_ring, marbit_many_paths
D:4:      layout_rooms, minmay_quantized, uniq_edmund, uniq_natasha,
          uniq_duvessa, uniq_crazy_yiuf_cottage

Skill      XL: |  1  2  3  4 |
---------------+-------------+-----
Short Blades   | 1 2 |  2.0
Stealth        | 4 |  4.9
Fighting       | 1 |  1.2
Dodging        | 2 |  2.1
Ice Magic      | 1 |  1.1
Armour         | |  0.9
Spellcasting   | |  2.7
Hexes          | |  3.8

Action                     |  1- 3 |  4- 6 || total
---------------------------+-------+-------++-------
  Melee: Dagger            |    39 |    58 ||    97
         Bite              |     3 |    11 ||    14
         Unarmed           |       |     1 ||     1
         Punch             |       |     1 ||     1
   Cast: Ensorcelled Hiber |    15 |     5 ||    20
         Tukima's Dance    |     1 |     3 ||     4
    Use: Scroll            |     2 |     1 ||     3
         Potion            |     1 |     2 ||     3
   Stab: Sleeping          |    19 |     7 ||    26
 Armour: Robe              |     3 |    13 ||    16
  Dodge: Dodged            |    25 |    60 ||    85
